AoeStats
← zarrgunss

Black Forest

509669457Analyzed
4v4 RM · 4d ago on Sep 27, 2026· 54m 57s· 8 players
Game mode
Random Map
Map size
Large (8 player)
Population
200
Speed
Normal
Resources
Standard
Victory
Conquest
Starting age
Dark Age
Ending age
Imperial Age
RankedLock teamsTeams togetherTeam positionsShared explorationLock speedFull tech treeHidden civsTurbo modeCheats
Victory
Defeat
🇪🇸 Khmer · Spain
868
+12
🇺🇸 Franks · United States
798
+14
🇮🇹 Vietnamese · Italy
723
+18
🇦🇹 Turks · Austria
671
+19
🇵🇪 Magyars · Peru
830
-19
747
-15
🇲🇽 Saxons · Mexico
743
-15
🇪🇸 Japanese · Spain
729
-14
PoisonSoup91
8:44 Loom
11:45 Feudal Age
12:24 Double-Bit Axe
14:26 Fletching
23:12 Castle Age
22:09 Forging
22:05 Scale Barding Armor
21:42 Horse Collar
21:54 Gold Mining
21:58 Stone Mining
22:53 Arson
23:13 Scale Mail Armor
28:54 Clerical Recruitment
29:00 Clerical Recruitment
32:56 Imperial Age
32:53 Fortified Wall
32:39 Murder Holes
33:23 Wheelbarrow
32:34 Town Watch
33:59 Conscription
34:19 Sanctity
34:16 Redemption
35:21 Devotion
36:09 Iron Casting
38:28 Squires
38:14 Gambesons
39:34 Block Printing
39:23 Atonement
39:48 Block Printing
40:06 Illumination
41:33 Faith
42:04 Theocracy
41:19 Elite Varangian Guard
42:18 Chain Mail Armor
44:56 Plate Mail Armor
44:22 Bodkin Arrow
44:49 Hand Cart
45:06 Bow Saw
45:41 Gold Shaft Mining
49:19 Elite Hearth Troop
51:54 Faith
52:27 Ballistics
52:25 Masonry
51:56 Treadmill Crane
TUNG TUNG TUNG TUNG TUNG SAHUR
6:02 Loom
11:16 Feudal Age
11:51 Horse Collar
12:01 Double-Bit Axe
12:53 Wheelbarrow
14:13 Gold Mining
14:13 Stone Mining
14:38 Town Watch
21:36 Padded Archer Armor
21:28 Fletching
23:47 Castle Age
25:14 Heavy Plow
25:30 Hand Cart
29:17 Imperial Age
27:45 Bow Saw
29:32 Caravan
33:05 Town Patrol
34:04 Leather Archer Armor
33:44 Bodkin Arrow
35:38 Ballistics
36:18 Chemistry
37:20 Parthian Tactics
38:20 Conscription
38:13 Husbandry
38:23 Bloodlines
38:31 Bloodlines
38:55 Onager
39:53 Masonry
40:03 Fortified Wall
39:31 Elite Mangudai
40:34 Drill
40:18 Nomads
41:01 Bracer
41:09 Thumb Ring
41:43 Siege Engineers
42:24 Murder Holes
43:31 Siege Onager
46:24 Hoardings
misolo1201
0:30 Loom
14:41 Feudal Age
16:59 Double-Bit Axe
16:56 Horse Collar
23:25 Castle Age
23:24 Stone Mining
27:35 Wheelbarrow
26:47 Town Watch
27:25 Thumb Ring
26:41 Elite Skirmisher
28:29 Heavy Plow
28:41 Bow Saw
32:37 Caravan
34:18 Scale Barding Armor
34:14 Scale Mail Armor
34:28 Forging
34:08 Fletching
34:19 Padded Archer Armor
34:44 Hand Cart
34:38 Town Patrol
37:28 Imperial Age
35:30 Ballistics
35:06 Murder Holes
34:53 Treadmill Crane
35:12 Gold Mining
38:18 Gold Shaft Mining
38:16 Chain Mail Armor
40:17 Chemistry
39:42 Conscription
39:45 Kataparuto
39:28 Yasama
40:42 Plate Mail Armor
42:17 Two-Man Saw
40:51 Elite Samurai
42:06 Onager
42:58 Husbandry
43:08 Bloodlines
43:10 Scale Barding Armor
43:19 Squires
43:13 Gambesons
45:27 Cavalier
47:20 Leather Archer Armor
47:00 Bodkin Arrow
47:42 Iron Casting
52:21 Chain Barding Armor
52:24 Bracer
53:25 Ring Archer Armor
53:56 Blast Furnace
zarrgunss
0:31 Loom
1:20 Loom
12:04 Feudal Age
12:35 Double-Bit Axe
20:15 Castle Age
22:28 Wheelbarrow
22:23 Fletching
23:58 Bow Saw
26:02 Stone Mining
26:58 Bodkin Arrow
28:47 Gold Mining
32:32 Ballistics
32:24 Scale Barding Armor
34:53 Imperial Age
32:39 Hand Cart
32:41 Husbandry
32:51 Bloodlines
34:12 Gold Shaft Mining
33:19 Horse Collar
33:10 Light Cavalry
34:53 Chain Barding Armor
35:00 Thumb Ring
37:29 Two-Man Saw
36:58 Caravan
37:30 Town Watch
37:40 Cavalier
39:37 Corvinian Army
39:49 Bracer
40:57 Hussar
42:51 Plate Barding Armor
44:45 Chemistry
44:59 Paladin
46:20 Heavy Cavalry Archer
48:45 Heavy Plow
52:24 Town Patrol
53:09 Masonry
Anti-Social Reclusive Hermit
1:16 Loom
12:35 Feudal Age
18:09 Wheelbarrow
20:35 Castle Age
18:47 Double-Bit Axe
19:02 Gold Mining
25:17 Husbandry
25:30 Bow Saw
25:30 Scale Barding Armor
31:56 Hand Cart
32:08 Chain Barding Armor
31:59 Forging
34:53 Fletching
35:38 Iron Casting
37:37 Imperial Age
35:58 Bodkin Arrow
36:04 Padded Archer Armor
36:18 Fortified Wall
38:30 Chivalry
38:51 Conscription
40:44 Plate Barding Armor
41:10 Blast Furnace
40:22 Cavalier
41:55 Gold Shaft Mining
42:22 Chemistry
41:19 Murder Holes
41:35 Masonry
44:06 Ballistics
43:32 Arrowslits
43:25 Elite Throwing Axeman
44:42 Hoardings
44:10 Scale Mail Armor
44:26 Leather Archer Armor
44:04 Stone Mining
47:14 Architecture
46:50 Siege Engineers
46:26 Treadmill Crane
47:03 Chain Mail Armor
46:13 Paladin
46:17 Light Cavalry
48:50 Caravan
55:05 Plate Mail Armor
54:01 Ordonnance Companies
54:05 Cranequins
54:50 Squires
54:47 Heavy Mounted Crossbowman
Yannis
0:30 Loom
13:30 Feudal Age
14:13 Double-Bit Axe
21:22 Horse Collar
24:38 Castle Age
23:18 Padded Archer Armor
23:20 Scale Mail Armor
24:36 Gold Mining
24:39 Stone Mining
25:07 Forging
24:47 Fletching
26:41 Elite Skirmisher
27:56 Bow Saw
31:32 Heavy Plow
35:03 Imperial Age
34:07 Thumb Ring
34:55 Ballistics
34:46 Fortified Wall
35:12 Pikeman
37:06 Chemistry
36:03 Murder Holes
35:48 Imperial Skirmisher
38:56 Wheelbarrow
38:07 Town Watch
40:36 Two-Man Saw
40:31 Bodkin Arrow
40:52 Leather Archer Armor
42:51 Halberdier
43:35 Bracer
44:12 Iron Casting
44:09 Hand Cart
45:21 Squires
48:05 Town Patrol
48:28 Sanctity
51:04 Masonry
51:51 Ring Archer Armor
53:57 Chain Mail Armor
luv
6:40 Loom
8:44 Loom
11:15 Feudal Age
12:45 Horse Collar
12:55 Double-Bit Axe
13:03 Gold Mining
20:04 Castle Age
18:03 Stone Mining
18:18 Padded Archer Armor
19:24 Fletching
19:40 Scale Barding Armor
19:50 Forging
21:54 Bow Saw
21:46 Heavy Plow
25:19 Gold Shaft Mining
27:52 Wheelbarrow
27:02 Town Watch
32:58 Imperial Age
33:05 Elite Janissary
33:47 Artillery
34:00 Husbandry
34:55 Leather Archer Armor
35:39 Hand Cart
39:03 Ring Archer Armor
38:55 Chain Barding Armor
39:11 Iron Casting
38:31 Bodkin Arrow
39:44 Caravan
39:57 Guilds
41:23 Two-Man Saw
42:26 Conscription
42:44 Bloodlines
43:58 Bracer
44:35 Plate Barding Armor
45:00 Blast Furnace
45:38 Heavy Camel Rider
47:24 Thumb Ring
51:20 Town Patrol
52:50 Ballistics
52:42 Masonry
52:13 Treadmill Crane
52:19 Arrowslits
fmromerocarmona
0:40 Loom
14:33 Feudal Age
15:16 Double-Bit Axe
15:34 Horse Collar
21:18 Castle Age
20:42 Wheelbarrow
22:36 Town Watch
26:37 Fletching
30:47 Imperial Age
28:15 Gold Mining
29:49 Coinage
29:22 Caravan
30:20 Gold Shaft Mining
30:19 Bow Saw
32:23 Double Crossbow
32:28 Heavy Plow
32:59 Bodkin Arrow
34:03 Banking
35:11 Chemistry
34:31 Ballistics
34:26 Stone Mining
35:33 Hand Cart
35:29 Bracer
35:34 Murder Holes
36:03 Town Patrol
36:44 Siege Engineers
38:49 Masonry
38:11 Heavy Scorpion
49:31 Architecture
Connection lost

Rejoining the realm…

Still unreachable

The connection could not be restored.

Session expired

The server has moved on; the page needs a fresh start.